 Dungeon Sprint DCSS version 0.20-a0-11-ga97c7b5 (webtiles) character file.

25116 poirepourri the Imperceptible (level 12, -7/82 HPs)
             Began as a Spriggan Enchanter on Nov 2, 2016.
             Was the Champion of Dithmenos.
             Mangled by the 27-headed Lernaean hydra (8 damage)
             ... in the Dungeon (Sprint I: "Red Sonja").
             The game lasted 00:19:47 (6012 turns).

poirepourri the Imperceptible (Spriggan Enchanter)  Turns: 6012, Time: 00:19:48

Health: -7/82      AC:  3    Str:  7    XL:     12   Next: 86%
Magic:  36/39      EV: 30    Int: 14    God:    Dithmenos [******]
Gold:   1734       SH: 12    Dex: 22    Spells: 5 memorised, 32 levels left

rFire  + . .     SeeInvis +     a - +1 dagger
rCold  . . .     Gourm    +     (armour restricted)
rNeg   . . .     Faith    .     p - +3 warlock's mirror {reflect}
rPois  +         Spirit   .     (helmet restricted)
rElec  .         Reflect  +     r - +2 cloak
rCorr  .         Harm     .     (gloves unavailable)
MR     ++...     Rnd*Rage +     (boots unavailable)
Stlth  .......... NoTele   +    e - amulet of Life {Gourm rF+}
                                s - ring of magical power
                                j - ring of poison resistance

@: berserking, wreathed by umbra, very quick
A: unfitting armour, see invisible, berserk 1, dopey 1, herbivore 3, speed 3,
low mp 1, slow metabolism 2, weak 1, wild magic 1
a: Shadow Step, Shadow Form, Renounce Religion


You were in the Dungeon.
You worshipped Dithmenos.
Dithmenos was exalted by your worship.
You were not hungry.

You visited 1 branch You collected 5302 gold pieces.
You spent 3568 gold pieces at shops.

Inventory:

Hand Weapons
 a - a +1 dagger (weapon)
 b - a +6 blowgun
Missiles
 l - 9 curare-tipped needles
Armour
 p - the +3 warlock's mirror (worn) {reflect}
   (You bought it in a shop in the Dungeon)
 q - a +1 robe of positive energy
 r - a +2 cloak (worn)
 v - a +2 buckler
 y - +0 gold dragon scales
 z - +0 shadow dragon scales
Jewellery
 e - the amulet of Life (around neck) {Gourm rF+}
   (You bought it in a shop in the Dungeon)

   [amulet of the gourmand]

   It allows you to eat raw meat even when not hungry.
   It protects you from fire.
 f - an uncursed ring of positive energy
 j - a ring of poison resistance (left hand)
 k - an uncursed amulet of rage
 s - a ring of magical power (right hand)
Wands
 o - a wand of digging (17/24)
Scrolls
 u - 3 scrolls of recharging
 A - a scroll of magic mapping
Potions
 g - a potion of haste
 h - a potion of brilliance
 i - 2 potions of lignification
 n - 2 potions of invisibility
 t - 2 potions of curing
 w - 2 potions of flight
 x - a potion of might
 C - a potion of heal wounds
Books
 c - a book of Maledictions

   Spells                             Type                      Level
   a - Corona                         Hexes                        1
   b - Ensorcelled Hibernation        Hexes/Ice                    2
   c - Confuse                        Hexes                        3
   d - Tukima's Dance                 Hexes                        3
   e - Dazzling Spray                 Conjuration/Hexes            3
 d - a book of Cantrips

   Spells                             Type                      Level
   a - Confusing Touch                Hexes                        1
   b - Animate Skeleton               Necromancy                   1
   c - Summon Small Mammal            Summoning                    1
   d - Apportation                    Translocation                1
Miscellaneous
 m - a phial of floods


   Skills:
 + Level 2.3 Fighting
 + Level 9.2 Short Blades
 + Level 2.7 Armour
 + Level 11.2 Dodging
 + Level 26.5 Stealth
 - Level 7.6 Shields
 + Level 16.7 Spellcasting
 + Level 3.4 Conjurations
 + Level 18.2 Hexes
 + Level 4.6 Ice Magic
 + Level 1.7 Invocations
 + Level 6.6 Evocations


You had 32 spell levels left.
You knew the following spells:

 Your Spells              Type           Power        Failure   Level  Hunger
a - Corona                Hex            ######.      1%          1    None
b - Ensorcelled Hibernat  Hex/Ice        ######       1%          2    None
c - Confuse               Hex            ######..     1%          3    None
d - Tukima's Dance        Hex            ######..     1%          3    None
e - Dazzling Spray        Conj/Hex       ######       1%          3    None


Dungeon Overview and Level Annotations

Branches:
Dungeon (1/1)

Altars:
Cheibriados
Dithmenos
Elyvilon
Fedhas
Gozag
Hepliaklqana
Kikubaaqudgha
Makhleb
Nemelex Xobeh
Okawaru
Qazlal
Ru
Sif Muna
Trog
Uskayaw
Vehumet
Xom
Yredelemnul
Zin
The Shining One
Jiyva
Lugonu

Shops:
D ?*(?=[[*[[*?![*::[[[[:

Annotations:
D Lernaean hydra


Innate Abilities, Weirdness & Mutations

You are very small and have problems with some larger weapons.
You are too small for most types of armour.
You have supernaturally acute eyesight. (SInv)
You are a herbivore.
You cover ground extremely quickly.
You need consume almost no food.
You tend to lose your temper in combat.
You are dopey. (Int -2)
Your magical capacity is low. (-10% MP)
You are weak. (Str -2)
Your spells are a little harder to cast, but a little more powerful.


Message History

The 27-headed Lernaean hydra barely misses you.
The 27-headed Lernaean hydra misses you.
The 27-headed Lernaean hydra bites you.
The 27-headed Lernaean hydra completely misses you.
The 27-headed Lernaean hydra closely misses you.
The 27-headed Lernaean hydra completely misses you. x2
The 27-headed Lernaean hydra misses you.
The 27-headed Lernaean hydra bites you!
You block the 27-headed Lernaean hydra's attack.
The 27-headed Lernaean hydra bites you!!
The 27-headed Lernaean hydra closely misses you.
The 27-headed Lernaean hydra bites you! x2
* * * LOW HITPOINT WARNING * * *
The 27-headed Lernaean hydra bites you!
* * * LOW HITPOINT WARNING * * *
The 27-headed Lernaean hydra misses you.
The 27-headed Lernaean hydra bites you!
* * * LOW HITPOINT WARNING * * *
The 27-headed Lernaean hydra bites you!
You die...

###...#.≈..##..§§§^§§§.##,*
#§###.#.≈..#....§§|.§...#,*
§...#.###..#...§§)†.....#,*
....#.#,+..##..§§§.....##,*
.####+#,##'##...§§.....#,,*
##,,,,*,#≈≈≈##........##,,*
,,,****,#≈≈≈≈##....)[##,,,*
,***,,,,#≈≈≈≈≈########,,,,*
**,,,,**##≈≈≈≈#≈@≈≈≈#,,,,,*
,,,,,,*,,#+≈≈≈'≈≈D≈≈§§§.,,*
,,,,,,*,,,##≈≈#≈≈≈≈≈#≈≈≈,,*
,,,,,,*,,,,######'###**≈≈≈*
,,,,,,*,,,,*≈≈≈≈≈≈≈≈≈≈**≈≈*
,,,,,,*******≈≈≈≈≈≈≈≈≈≈≈≈≈*
,,,,,,+,,*,,+,,,≈≈≈≈≈≈≈*≈≈*
,,,,,,*,,+,,*,,,,$$$$≈≈≈*≈*
***************************


You could see the 27-headed Lernaean hydra.

Vanquished Creatures
  A golden dragon (D)
  A shadow dragon (D)
  A deep elf annihilator (D)
  A lorocyproca (D)
  A mummy priest (D)
  A hydra (D)
  2 centaur warriors (D)
  Sonja (D)
  7 unseen horrors (D)
  A deep troll (D)
  A lindwurm (D)
  2 oklob plants (D)
  8 shining eyes (D)
  2 sirens (D)
  A gargoyle (D)
  4 demonic crawlers (D)
  2 kobold demonologists (D)
  A hellwing (D)
  3 hornets (D)
  A slime creature (D)
  Sigmund (D)
  13 hogs (D)
  2 redbacks (D)
  A yak (D)
  7 floating eyes (D)
  7 necrophages (D)
  An ogre (D)
  8 jellies (D)
  Ijyb (D)
  4 ballistomycetes (D)
  A ballistomycete spore (D)
88 creatures vanquished.

Vanquished Creatures (others)
  A gargoyle (D)
  2 hornets (D)
  A ballistomycete spore (D)
4 creatures vanquished.

Grand Total: 92 creatures vanquished

Notes
Turn   | Place    | Note
-------+----------+-------------------------------------------
     0 | D        | poirepourri the Spriggan Enchanter began the quest for the Orb.
     0 | D        | Reached XP level 1. HP: 9/9 MP: 5/5
     2 | D        | Noticed Ijyb
    20 | D        | Killed Ijyb
    20 | D        | Reached skill level 6 in Stealth
    20 | D        | Reached skill level 5 in Hexes
    20 | D        | Reached XP level 2. HP: 13/13 MP: 5/7
    74 | D        | Learned a level 2 spell: Ensorcelled Hibernation
    77 | D        | Noticed an ogre
    80 | D        | Killed an ogre
    80 | D        | Reached skill level 5 in Dodging
    80 | D        | Reached skill level 9 in Stealth
    80 | D        | Reached skill level 5 in Spellcasting
    80 | D        | Reached XP level 3. HP: 16/16 MP: 7/10
    80 | D        | Reached XP level 4. HP: 21/21 MP: 8/12
   199 | D        | Learned a level 3 spell: Confuse
   203 | D        | Learned a level 3 spell: Tukima's Dance
   207 | D        | Learned a level 3 spell: Dazzling Spray
   210 | D        | Noticed Sigmund
   213 | D        | Killed Sigmund
   213 | D        | Reached skill level 11 in Stealth
   213 | D        | Reached XP level 5. HP: 24/24 MP: 12/14
   239 | D        | Found a deep blue altar of Sif Muna.
   241 | D        | Found a radiant altar of Vehumet.
   245 | D        | Reached skill level 10 in Hexes
   245 | D        | Reached XP level 6. HP: 28/28 MP: 14/16
   280 | D        | Found Rimn's Magic Scroll Emporium.
   280 | D        | Found an ancient bone altar of Kikubaaqudgha.
   280 | D        | Found a hazy altar of Hepliaklqana.
   280 | D        | Found a stormy altar of Qazlal.
   280 | D        | Found a hide-covered altar of Uskayaw.
   280 | D        | Found a blossoming altar of Fedhas.
   280 | D        | Found a bloodstained altar of Trog.
   280 | D        | Found an iron altar of Okawaru.
   280 | D        | Found a basalt altar of Yredelemnul.
   280 | D        | Found a glowing golden altar of the Shining One.
   280 | D        | Found a snail-covered altar of Cheibriados.
   280 | D        | Found a sacrificial altar of Ru.
   280 | D        | Found a glowing silver altar of Zin.
   280 | D        | Found a shadowy altar of Dithmenos.
   280 | D        | Found a white marble altar of Elyvilon.
   280 | D        | Noticed a yak
   281 | D        | Found an opulent altar of Gozag.
   282 | D        | Killed a yak
   282 | D        | Reached skill level 12 in Stealth
   283 | D        | Found a sparkling altar of Nemelex Xobeh.
   293 | D        | Became a worshipper of Dithmenos the Shadowed
   311 | D        | Found a burning altar of Makhleb.
   311 | D        | Found a viscous altar of Jiyva.
   311 | D        | Found a shimmering altar of Xom.
   311 | D        | Found a corrupted altar of Lugonu.
   311 | D        | Noticed a slime creature
   326 | D        | Killed a slime creature
   326 | D        | Reached skill level 13 in Stealth
   326 | D        | Reached XP level 7. HP: 29/32 MP: 11/19
   345 | D        | Killed a gargoyle
   442 | D        | Noticed Sonja
   446 | D        | Killed Sonja
   446 | D        | Reached skill level 15 in Stealth
   446 | D        | Reached XP level 8. HP: 36/36 MP: 20/22
   466 | D        | Found Avusmilu's Magic Scroll Boutique.
   486 | D        | Noticed a deep troll
   490 | D        | Killed a deep troll
   490 | D        | Reached * piety under Dithmenos
   490 | D        | Reached skill level 5 in Short Blades
   490 | D        | Reached skill level 17 in Stealth
   490 | D        | Reached skill level 10 in Spellcasting
   490 | D        | Reached skill level 1 in Ice Magic
   515 | D        | Found Iketips's Armour Emporium.
   535 | D        | Noticed a centaur warrior
   536 | D        | Noticed a centaur warrior
   539 | D        | Killed a centaur warrior
   539 | D        | Reached skill level 18 in Stealth
   539 | D        | Reached XP level 9. HP: 39/39 MP: 24/24
   546 | D        | Killed a centaur warrior
   546 | D        | Reached skill level 10 in Dodging
   546 | D        | Reached skill level 19 in Stealth
   669 | D        | Reached ** piety under Dithmenos
   681 | D        | Noticed an oklob plant
   683 | D        | Killed an oklob plant
   683 | D        | Reached skill level 1 in Armour
   683 | D        | Reached skill level 20 in Stealth
   697 | D        | Reached XP level 10. HP: 40/44 MP: 22/26
   799 | D        | Reached *** piety under Dithmenos
   806 | D        | Noticed an unseen horror
   807 | D        | Noticed an unseen horror
   813 | D        | Killed an unseen horror
   813 | D        | Reached skill level 21 in Stealth
   815 | D        | Killed an unseen horror
   815 | D        | Reached skill level 1 in Fighting
   854 | D        | Reached **** piety under Dithmenos
   870 | D        | Reached ***** piety under Dithmenos
  1204 | D        | Found Pegy's Assorted Antiques.
  1204 | D        | Found Ronet's Antique Armour Shop.
  1204 | D        | Found Gaumiamm's Antique Armour Boutique.
  1206 | D        | Found Wudil's Antique Armour Emporium.
  1206 | D        | Found Peollepn's Assorted Antiques.
  1206 | D        | Found Joliad's Magic Scroll Shoppe.
  1206 | D        | Found Dounkerr's Distillery.
  1206 | D        | Found Veuck's Antique Armour Emporium.
  1206 | D        | Found Ysoptyre's General Store.
  1206 | D        | Found Dimofi Mera's Book Shoppe.
  1208 | D        | Bought the +3 warlock's mirror {reflect} for 598 gold pieces
  1210 | D        | Bought a glowing robe for 167 gold pieces
  1212 | D        | Found Oxzal's Book Boutique.
  1213 | D        | Found Keirphij's Armour Emporium.
  1213 | D        | Found Veyvvoug's Armour Boutique.
  1214 | D        | Found Ohuon's Antique Armour Emporium.
  1239 | D        | Bought a runed cloak for 220 gold pieces
  1489 | D        | Bought a dented ruby amulet for 110 gold pieces
  1493 | D        | Bought a glowing robe for 140 gold pieces
  1494 | D        | Bought a coral ring for 125 gold pieces
  1495 | D        | Bought 2 scrolls of identify for 48 gold pieces
  1495 | D        | Bought a scroll of identify for 24 gold pieces
  1496 | D        | Bought a potion of invisibility for 96 gold pieces
  1496 | D        | Bought a potion of resistance for 120 gold pieces
  1496 | D        | Bought a potion of curing for 36 gold pieces
  1496 | D        | Bought a potion of curing for 36 gold pieces
  1500 | D        | Bought a scroll of identify for 22 gold pieces
  1623 | D        | Reached skill level 22 in Stealth
  1623 | D        | Reached skill level 15 in Hexes
  1623 | D        | Reached skill level 1 in Evocations
  1624 | D        | Reached skill level 1 in Shields
  1636 | D        | Reached ****** piety under Dithmenos
  1651 | D        | Noticed a gargoyle
  1671 | D        | Killed a gargoyle
  1671 | D        | Reached XP level 11. HP: 50/50 MP: 12/28
  1810 | D        | Noticed a lindwurm
  1814 | D        | Killed a lindwurm
  1814 | D        | Reached skill level 23 in Stealth
  1814 | D        | Reached skill level 5 in Evocations
  1847 | D        | Reached skill level 1 in Conjurations
  2133 | D        | Noticed a 12-headed hydra
  2135 | D        | Killed a 12-headed hydra
  2167 | D        | Noticed a daeva
  2170 | D        | Noticed an unseen horror
  2170 | D        | Noticed an unseen horror
  2170 | D        | Noticed an unseen horror
  2171 | D        | Noticed an unseen horror
  2173 | D        | Killed an unseen horror
  2173 | D        | Reached skill level 24 in Stealth
  2174 | D        | Noticed an unseen horror
  2175 | D        | Killed an unseen horror
  2176 | D        | Killed an unseen horror
  2178 | D        | Killed an unseen horror
  2180 | D        | Killed an unseen horror
  2180 | D        | Reached skill level 5 in Shields
  2597 | D        | Bought a scroll of identify for 44 gold pieces
  2597 | D        | Bought a scroll of blinking for 165 gold pieces
  2606 | D        | Bought a scroll of blinking for 187 gold pieces
  2615 | D        | Bought a glowing buckler for 231 gold pieces
  2678 | D        | Noticed a shining eye
  2678 | D        | Noticed a shining eye
  2678 | D        | Noticed a shining eye
  2678 | D        | Noticed a shining eye
  2678 | D        | Noticed a shining eye
  2678 | D        | Noticed a shining eye
  2679 | D        | Noticed a shining eye
  2679 | D        | Noticed a shining eye
  2680 | D        | Killed a shining eye
  2681 | D        | Killed a shining eye
  2681 | D        | Reached skill level 25 in Stealth
  2681 | D        | Paralysed by a floating eye for 3 turns
  2688 | D        | Paralysed by a floating eye for 3 turns
  2688 | D        | Gained mutation: Your magical capacity is low. (-10% MP) [a shining eye]
  2691 | D        | Killed a shining eye
  2692 | D        | Killed a shining eye
  2694 | D        | Killed a shining eye
  2694 | D        | Reached XP level 12. HP: 54/54 MP: 27/28
  2697 | D        | Paralysed by a floating eye for 4 turns
  2698 | D        | Gained mutation: Your spells are a little harder to cast, but a little more powerful. [a shining eye]
  2699 | D        | Gained mutation: You are weak. (Str -2) [a shining eye]
  2702 | D        | Reached skill level 1 in Invocations
  2705 | D        | Paralysed by a floating eye for 4 turns
  2705 | D        | Gained mutation: You tend to lose your temper in combat. [a shining eye]
  2710 | D        | Gained mutation: You are dopey. (Int -2) [a shining eye]
  2712 | D        | Paralysed by a floating eye for 3 turns
  2720 | D        | Reached skill level 26 in Stealth
  2726 | D        | Paralysed by a floating eye for 4 turns
  2740 | D        | Found Xoezuyfe's Jewellery Shop.
  2740 | D        | Found Orchoum's Assorted Antiques.
  2740 | D        | Found Hokkaicag's Armour Boutique.
  2740 | D        | Found Poveramy's Antique Weapon Emporium.
  2757 | D        | Bought a twisted emerald ring for 130 gold pieces
  2946 | D        | Bought 3 scrolls labeled EHENITU EFY for 78 gold pieces
  2946 | D        | Bought a scroll labeled SIKOGG KOROGERR for 26 gold pieces
  2946 | D        | Bought a dark potion for 23 gold pieces
  2946 | D        | Bought a sedimented white potion for 23 gold pieces
  3008 | D        | Bought a scroll labeled ELUN CIPESH for 22 gold pieces
  3013 | D        | Bought a scroll labeled HEYHEZX CUDOQ for 25 gold pieces
  3013 | D        | Bought a scroll labeled HEYHEZX CUDOQ for 25 gold pieces
  3013 | D        | Bought a scroll labeled EHENITU EFY for 25 gold pieces
  3015 | D        | Bought a sedimented coppery potion for 22 gold pieces
  3478 | D        | Noticed a lorocyproca
  3497 | D        | HP: 1/54 [lorocyproca (37)]
  3510 | D        | Killed a lorocyproca
  4365 | D        | Bought the amulet of Life {Gourm rF+} for 484 gold pieces
  4380 | D        | Bought a potion of curing for 78 gold pieces
  4447 | D        | Bought a potion of curing for 36 gold pieces
  4447 | D        | Bought a potion of flight for 36 gold pieces
  4451 | D        | Bought a potion of flight for 36 gold pieces
  4451 | D        | Bought a potion of might for 48 gold pieces
  4453 | D        | Bought a scroll of enchant armour for 82 gold pieces
  4586 | D        | Noticed a shadow dragon
  4586 | D        | Noticed a golden dragon
  4588 | D        | Killed a shadow dragon
  4588 | D        | Reached skill level 15 in Spellcasting
  4589 | D        | Killed a golden dragon
  4662 | D        | Found Muotu Veuse's Book Shoppe.
  4898 | D        | Noticed a deep elf annihilator
  5236 | D        | Killed a deep elf annihilator
  5395 | D        | Noticed a mummy priest
  5640 | D        | Killed a mummy priest
  6006 | D        | Noticed the 27-headed Lernaean hydra
  6012 | D        | HP: 1/82 [the 27-headed Lernaean hydra (15)]
  6012 | D        | Mangled by the 27-headed Lernaean hydra

Vault maps used:
D:        dungeon_sprint_1

Skill      XL: |  1  2  3  4  5  6  7  8  9 10 11 12 |
---------------+-------------------------------------+-----
Stealth        | 6 9 11 13 15 18 20 22 25 26 | 26.5
Spellcasting   | 3 5 6 8 9 10 11 12 14 16 | 16.7
Hexes          | 5 7 9 10 11 12 13 14 15 16 18 | 18.2
Dodging        | 5 6 7 8 9 10 11 | 11.2
Short Blades   | 2 3 4 5 6 8 9 |  9.2
Ice Magic      | 1 2 3 4 |  4.6
Armour         | 1 2 |  2.7
Fighting       | 1 2 |  2.3
Evocations     | 4 6 |  6.6
Shields        | 2 5 7 |  7.6
Conjurations   | 1 3 |  3.4
Invocations    | 1 |  1.7

Action                   |  1- 3 |  4- 6 |  7- 9 | 10-12 || total
-------------------------+-------+-------+-------+-------++-------
Melee: Dagger            |    16 |    11 |    10 |   168 ||   205
 Cast: Ensorcelled Hiber |       |     2 |     5 |    23 ||    30
       Confuse           |       |     1 |       |    32 ||    33
       Dazzling Spray    |       |       |       |    45 ||    45
Invok: Shadow Step       |       |       |       |     8 ||     8
Evoke: Wand              |       |       |       |     2 ||     2
  Use: Potion            |     1 |       |     1 |    17 ||    19
       Scroll            |       |       |       |    14 ||    14
 Stab: Sleeping          |     2 |     3 |     8 |    47 ||    60
       Confused          |       |     2 |       |    11 ||    13
  Eat: Bread ration      |       |       |       |     1 ||     1
Armor: Robe              |     2 |       |       |     2 ||     4
       Troll leather arm |       |       |     1 |     3 ||     4
       Gold dragon scale |       |       |       |     3 ||     3
Dodge: Dodged            |     9 |     3 |     4 |    55 ||    71
Block: Buckler           |       |       |       |    23 ||    23
       Reflection        |       |       |       |     2 ||     2
